 Dungeon Crawl Stone Soup version 0.17.0-22-g5edae84 (webtiles) character file.

88 inmateoo the Scratcher (level 4, 19/19 HPs)
             Began as a Felid Transmuter on Nov 12, 2015.
             Quit the game on level 4 of the Dungeon.
             The game lasted 00:05:45 (3307 turns).

inmateoo the Scratcher (Felid Transmuter)           Turns: 3307, Time: 00:05:45

Health: 19/19      AC:  1    Str:  6    XL:     4   Next: 30%
Magic:  8/8        EV: 19    Int: 15    God:
Gold:   126        SH:  0    Dex: 17    Spells: 3 memorised, 1 level left
                                        Lives:  0   Deaths: 1

rFire  . . .     SeeInvis +       - Unarmed
rCold  + . .     Clarity  .     (armour unavailable)
rNeg   . . .     SustAt   .     (shield unavailable)
rPois  .         Gourm    .     (helmet unavailable)
rElec  .         Spirit   .     (cloak unavailable)
rCorr  .         Warding  .     (gloves unavailable)
rMut   .         Stasis   .     (boots unavailable)
MR     .....                    (no amulet)
Stlth  +++.......               (no ring)
                                f - ring of protection from cold

@: quick, not resistant to hostile enchantments, fairly stealthy
A: no armour, no weapons or thrown items, claws 1, fangs 3, see invisible,
carnivore 3, speed 1, shaggy fur 1, slow metabolism 1, sharp paws
a: no special abilities


You were on level 4 of the Dungeon.
You were not hungry.

You visited 1 branch of the dungeon, and saw 5 of its levels.

You collected 126 gold pieces.

Inventory:

Missiles
 a - 61 arrows
Jewellery
 f - a ring of protection from cold (left paw)
 i - an uncursed ring of teleportation
Scrolls
 g - a scroll of fear {unknown}
 h - a scroll of fog {unknown}
 j - a scroll of identify {unknown}
 k - 2 scrolls of enchant armour {unknown}
Potions
 d - a potion of haste {unknown}
 e - 2 potions of curing
 l - a potion of poison {unknown}
Books
 b - a book of Changes

   Spells                             Type                      Level
   a - Beastly Appendage              Transmutation                1
   b - Sticks to Snakes               Transmutation                2
   c - Spider Form                    Transmutation/Poison         3
   d - Ice Form                       Ice/Transmutation            4
   e - Blade Hands                    Transmutation                5
Comestibles
 c - a meat ration
 m - 2 slices of pizza


   Skills:
 + Level 2.0 Fighting
 + Level 3.6 Dodging
 + Level 2.6 Stealth
 * Level 4.1 Unarmed Combat
 + Level 2.4 Spellcasting
 + Level 3.2 Transmutations


You had one spell level left.
You knew the following spells:

 Your Spells              Type           Power        Failure   Level  Hunger
a - Beastly Appendage     Trmt           ##....       8%          1    #......
b - Sticks to Snakes      Trmt           ##........   12%         2    ###....
c - Spider Form           Trmt/Pois      #.........   34%         3    ###....


Dungeon Overview and Level Annotations

Branches:
Dungeon (5/15)
 Temple: D:4-7

Altars:
Gozag


Innate Abilities, Weirdness & Mutations

You cannot wear armour.
You are incapable of wielding weapons or throwing items.
You have sharp claws.
You have razor-sharp teeth.
You have supernaturally acute eyesight.
You are carnivorous and can eat meat at any time.
You cover ground quickly.
You are covered in fur (AC +1).
You have a slow metabolism.
Your sharp claws are effective at attacking unaware monsters.


Message History

You create a snake!
Casting: Sticks to Snakes
Confirm with . or Enter, or press ? or * to list all spells.
You grow a pair of large bovine horns.
The iguana barely misses your ball python.
Your ball python barely misses the iguana.
Your ball python grabs the iguana.
Your ball python constricts the iguana.
The iguana bites you!
Ouch! That really hurt!
You die...
Your shape twists and changes as you die.
Your ball python bites the iguana but does no damage.
Your ball python constricts the iguana.
You are now level 4!
Your horns disappear.
You rejoin the land of the living...
Found a meat ration.
A hobgoblin and an orc come into view.
The orc moves out of view.
Are you sure you want to abandon this character and quit the game? (Confirm with "yes".)

#.# #. #.# #. ####.# . #.
##.###....# #. #.
...##.#### #.##.
#..##.##### #..#.##
######..##.#...#
###.....###.=......##..###.
g'........@.......>o...# #.
#....#...#.######.##..###.
#P.........# #.##.#.l.#
#.........#.# #.#..##.##
#............. ##....##)#
###.#...#%###.###......#.#
# #####.# .........##.# #.#
##.........# .. #..>..# ###


There were no monsters in sight!

Vanquished Creatures
  A hound (D:4)
  A worker ant (D:4)
  4 adders
  A worm (D:3)
  4 giant geckos
  6 orcs
  3 giant cockroaches
  8 goblins
  6 hobgoblins
  3 jackals (D:3)
  A ball python (D:2)
  8 bats
  A giant gecko skeleton (D:4)
  3 giant newts
  9 kobolds
  A rat (D:1)
60 creatures vanquished.

Vanquished Creatures (collateral kills)
  An orc wizard (D:4)
1 creature vanquished.

Vanquished Creatures (others)
  A plant (D:4)
1 creature vanquished.

Grand Total: 62 creatures vanquished

Notes
Turn   | Place    | Note
--------------------------------------------------------------
     0 | D:1      | inmateoo the Felid Transmuter began the quest for the Orb.
     0 | D:1      | Reached XP level 1. HP: 9/9 MP: 4/4
   195 | D:1      | Reached skill level 1 in Stealth
   195 | D:1      | Reached XP level 2. HP: 2/12 MP: 6/6
  1273 | D:2      | Reached XP level 3. HP: 15/15 MP: 7/7
  1322 | D:2      | Learned a level 2 spell: Sticks to Snakes
  1326 | D:2      | Learned a level 3 spell: Spider Form
  2054 | D:3      | Reached XP level 4. HP: 17/19 MP: 8/8
  2144 | D:3      | Found an opulent altar of Gozag.
  2785 | D:5      | Entered Level 5 of the Dungeon
  3127 | D:4      | Reached skill level 4 in Unarmed Combat
  3127 | D:4      | Reached XP level 5. HP: 15/22 MP: 1/9
  3303 | D:4      | Slain by an iguana
  3304 | D:4      | Reached XP level 4. HP: 0/19 MP: 3/8
  3307 | D:4      | Quit the game

Action                   |  1- 3 |  4- 6 || total
-------------------------+-------+-------++-------
Melee: Unarmed           |    87 |    69 ||   156
 Cast: Beastly Appendage |     6 |    10 ||    16
       Sticks to Snakes  |       |     7 ||     7
  Use: Potion            |     1 |     1 ||     2
       Scroll            |     1 |       ||     1
 Stab: Sleeping          |    10 |     1 ||    11
  Eat: Chunk             |     2 |     3 ||     5
